 Dungeon Crawl Stone Soup version 0.27-a0-1548-gf8a67e7463 (webtiles) character file.

Game seed: 15406475031046890747

261 Spaninq the Poker (level 6, -5/73 HPs)
             Began as a Merfolk Fighter on July 13, 2021.
             Killed from afar by Blork the orc (6 damage)
             ... with a magic dart
             ... on level 3 of the Dungeon.
             The game lasted 00:08:01 (3415 turns).

Spaninq the Poker (Merfolk Fighter)                 Turns: 3415, Time: 00:08:03

Health: -5/73      AC:  7    Str: 18    XL:     6   Next: 18%
Magic:  6/6        EV: 10    Int:  8    God:
Gold:   146        SH:  0    Dex: 13    Spells: 5/5 levels left

rFire    . . .     SeeInvis .   a - +0 trident
rCold    . . .     Faith    .   (no shield)
rNeg     . . .     Spirit   .   b - +0 scale mail
rPois    .         Reflect  .   (no helmet)
rElec    .         Harm     .   s - +0 cloak
rCorr    .         Rampage  .   (no gloves)
Will     .....                  (no boots)
Stlth    ..........             (no amulet)
HPRegen  0.22/turn              (no ring)
MPRegen  0.10/turn              (no ring)

@: berserking, lethally poisoned (-5 -> -11), very quick
A: (nimble swimmer 2), mertail
a: no special abilities


You were on level 3 of the Dungeon.
You visited 1 branch of the dungeon, and saw 4 of its levels.

You collected 146 gold pieces.

Inventory:

Hand Weapons
 a - a +0 trident (weapon)
Armour
 b - a +0 scale mail (worn)
 c - a +0 kite shield
 h - a +0 chain mail
 s - a +0 cloak (worn)
Scrolls
 i - a scroll of amnesia {unknown}
 j - 3 scrolls of teleportation {unknown}
 o - a scroll of identify {unknown}
 p - a scroll of silence {unknown}
 q - a scroll of immolation {unknown}
 r - a scroll of fear {unknown}
 t - a scroll of holy word {unknown}
Potions
 d - a potion of might
 e - a potion of berserk rage
 f - 5 potions of curing {unknown}
 g - a potion of mutation {unknown}
 k - a potion of haste {unknown}
 l - 2 potions of degeneration {unknown}
 m - a potion of brilliance {unknown}
 n - a potion of magic {unknown}


   Skills:
 + Level 4.3 Fighting
 * Level 5.9 Polearms
 - Level 2.1 Armour
 + Level 3.1 Dodging
 + Level 4.2 Shields


You had 5 spell levels left.
You didn't know any spells.
Your spell library contained the following spells:

 Spells                   Type           Power      Damage    Failure   Level
 Ensorcelled Hibernation  Hex/Ice        0%         N/A       91%         2
 Spider Form              Tmut/Pois      0%         N/A       99%         3
 Shadow Creatures         Summ           N/A        N/A       100%        6


Dungeon Overview and Level Annotations

Branches:
Dungeon (4/15)
 Temple: D:4-7

Altars:

Annotations:
D:3 Blork the orc


Innate Abilities, Weirdness & Mutations

((You are quick and stealthy near water. (Stealth+, EV+, Speed+++)))
Your lower body shifts to a powerful aquatic tail in water.


Message History

Found a stone staircase leading up.
Blork the orc comes into view.
He is wielding a +6 long sword of protection.
Blork the orc shouts!
A scorpion comes into view.
You see here a scroll labelled PEDOAL EPTINNO.
t - a scroll labelled PEDOAL EPTINNO Blork the orc gestures wildly while chanting.
Blork the orc seems to speed up.
Blork the orc barely misses you. Blork the orc casts a spell at you.
The puff of frost hits you. Blork the orc closely misses you.
There is an escape hatch in the ceiling here.
Blork the orc closely misses you. The scorpion stings you.
You are poisoned.
The scorpion poisons you!
Blork the orc points at you and mumbles some strange words.
The magic dart hits you. A mysterious force pulls you upwards.
The hatch slams shut behind you.
You feel very sick.
You feel sick. The scorpion stings you.
You are more poisoned.
The scorpion poisons you!
Blork the orc hits you with a +6 long sword of protection!
* * * LOW HITPOINT WARNING * * *
You feel very sick.
The scorpion stings you but does no damage.
You see here a hobgoblin corpse.
* * * LOW HITPOINT WARNING * * *
You feel very sick.
Blork the orc hits you with a +6 long sword of protection!
* * * LOW HITPOINT WARNING * * *
It was a potion of berserk rage.
A red film seems to cover your vision as you go berserk!
You feel yourself moving faster!
You feel mighty!
* * * LOW HITPOINT WARNING * * *
You feel sick. Blork the orc casts a spell at you. The magic dart hits you.
You die...

##### #########
##### #...#
#.......# #...#
#)..# #......[#
#.### #...#
#..s....# #.#
#...#####o#..##
#.#
#.......#@##..#
##.#
#....##...###.####
#..# #....###..#
#....###.##
#....##...#
####).##.#
#....##.#.##
##....#
#....##.#..#
####.# #
####†##.##.###
#..#####
#.##.##...##
#.....#.
#..#.####..###
#.##....


You could see Blork the orc (fast) and a scorpion.

Vanquished Creatures
  A sky beast (D:3)
  A bullfrog (D:4)
  A gnoll (D:2)
  4 adders
  2 dart slugs
  6 ball pythons
  3 endoplasms
  4 giant cockroaches
  8 hobgoblins
  2 quokkas
  6 bats
  3 frilled lizards
  6 goblins
  6 kobolds
  6 rats
59 creatures vanquished.

Notes
Turn   | Place    | Note
-------+----------+-------------------------------------------
     0 | D:1      | Spaninq the Merfolk Fighter began the quest for the Orb.
     0 | D:1      | Reached XP level 1. HP: 18/18 MP: 1/1
   259 | D:1      | Reached XP level 2. HP: 24/24 MP: 2/2
   770 | D:1      | Reached skill level 1 in Dodging
   906 | D:2      | Reached XP level 3. HP: 18/29 MP: 3/3
  1316 | D:2      | Reached skill level 4 in Polearms
  1561 | D:2      | Reached XP level 4. HP: 37/37 MP: 4/4
  2644 | D:3      | Noticed a sky beast
  3059 | D:3      | Killed a sky beast
  3060 | D:3      | Reached skill level 5 in Polearms
  3060 | D:3      | Reached XP level 5. HP: 26/42 MP: 5/5
  3380 | D:4      | Reached XP level 6. HP: 49/49 MP: 6/6
  3395 | D:4      | Noticed Blork the orc
  3414 | D:3      | HP: 2/49 [Blork the orc (8)]
  3415 | D:3      | Killed from afar by Blork the orc

Illustrated notes

Levels and vault maps discovered:
D:1:      sevenhm_arrival_forest_fort_large_3, layout_rooms, minivault_26,
          minmay_misc_feat_plants, minmay_split_cup_large
D:2:      wad_river_or_something, layout_basic, serial_glass, glass_columns_c,
          glass_columns_a, nrook_mini_backslash, kennysheep_donut, minivault_11
D:3:      layout_rooms
D:4:      minmay_general_purpose_star, layout_rooms, minmay_temple_entry_trees,
          gammafunk_ghost_necromancy, minmay_misc_feat_room, uniq_blork_the_orc

Skill      XL: |  1  2  3  4  5 |
---------------+----------------+-----
Dodging        | 1 2 3 |  3.1
Polearms       | 4 5 |  5.9
Fighting       | 4 |  4.3
Shields        | 4 |  4.2
Armour         | |  2.1

Action                   |  1- 3 |  4- 6 || total
-------------------------+-------+-------++-------
Melee: Trident           |   121 |    70 ||   191
       Tailslap          |     1 |       ||     1
  Use: Potion            |       |     1 ||     1
Armor: Scale mail        |    45 |    19 ||    64
Dodge: Dodged            |    59 |    32 ||    91
Block: Kite shield       |    22 |       ||    22

Table legend: (Time is in decaauts)
 A = Elapsed time spent in this place.
 B = Non-inter-level travel time spent in this place.
 C = Inter-level travel time spent in this place.
 D = Time resting spent in this place.
 E = Time spent auto-exploring this place.
 F = Levels seen in this place.
 G = Mean time per level.
                   A        B        C        D        E       F      G
               +--------+--------+--------+--------+--------+-----+--------+
         Total |   3426 |   3212 |    214 |    432 |   2136 |   4 |  856.5 |
       Dungeon |   3426 |   3212 |    214 |    432 |   2136 |   4 |  856.5 |
               +--------+--------+--------+--------+--------+-----+--------+

Top non-repeatable levels by time:
     D:2: 1488 daAuts
     D:3: 1011 daAuts
     D:1: 892 daAuts
     D:4: 35 daAuts
